cohdb
Replays
Latest Replays
All Replays
Popular Replays
Top Player Replays
Match Explorer
How It Works
Community
CoH3 Stats
Reddit
Sign in to upload your games and track your stats! →
Sign in with Steam
Match 43817809
Unlisted
Match 43817809
Overview
Messages
Build Orders
End
Construct Infanterie Kompanie
Grenadier Squad
MG 42 Machine Gun Team
MG 42 Machine Gun Team
Construct Luftwaffe Kompanie
Jäger Squad
221 Scout Car
Jäger Squad
221 Scout Car
Selects Mechanized Battlegroup
Selects Raid Package
Selects Mobile Repair Stations
221 Scout Car
Medical Bunker
Luftwaffe Officer Quarters
GrW 34 Mortar Team
MrBiggles
Matt
狼少
鱼塘摸鱼猫师傅高分大神快退散
剩者为王
An.Ritter
JT
CHINA津门虎
0
0
Comments
sign in to comment!
No comments posted yet!